[Event "Titled Tuesday Blitz January 10 Early 2023"]
[White "Bove, Alessandro"]
[Black "Souza, Gustavo Horokoski De"]
[WhiteFideId "814121"]
[BlackFideId "2146584"]
[WhiteElo "2311"]
[BlackElo "1943"]
[Result "1-0"]
[Round "05"]
[TimeControl "180+2"]
[Date "2023.01.10"]
[WhiteClock "0:00:41"]
[BlackClock "0:00:02"]

1. d4 Nf6 2. Nf3 g6 3. Bg5 Bg7 4. e3 O-O 5. Bd3 c5 6. O-O b6 7. Qe2 Bb7 8. Nbd2 d6 9. c3 Nbd7 10. Rfe1 h6 11. Bh4 g5 12. Bg3 Nh5 13. dxc5 Nxc5 14. Bc2 Nxg3 15. hxg3 Rc8 16. Rad1 Rc7 17. e4 Qa8 18. e5 dxe5 19. Nxe5 Bxg2 20. f3 Bh3 21. g4 h5 22. b4 Ne6 23. Qd3 f5 24. Ng6 Rd8 25. Qxf5 Nf4 26. Nxf4 gxf4 27. Qh7+ Kf8 28. Qxh5 Rxc3 29. Bb3 Bd4+ 30. Kh2 Rxb3 31. Nxb3 Qxf3 32. Qxh3 Qf2+ 33. Kh1 Kg7 34. Nxd4 Rh8 35. Nf5+ Kg8 36. Rd8+ Kf7 37. Rxe7+ Kf6 38. Qxh8+ Kg5 39. Qh6+ Kxg4 40. Rg7+ Kf3 41. Qh5+ Ke4 42. Re8+ Kd3 43. Rd7+ Kc4 44. Qe2+ 1-0


[Site "https://www.chess.com"]

[Event "Titled Tuesday Blitz January 10 Early 2023"]
[White "Kiseleva, Arina"]
[Black "Player, Edmund C"]
[WhiteFideId "4164989"]
[BlackFideId "406520"]
[WhiteElo "1962"]
[BlackElo "2204"]
[Result "0-1"]
[Round "05"]
[TimeControl "180+2"]
[Date "2023.01.10"]
[WhiteClock "0:00:08"]
[BlackClock "0:00:36"]

1. d4 Nf6 2. Nf3 d5 3. e3 c5 4. Bd3 Nc6 5. O-O cxd4 6. exd4 Bg4 7. c3 e6 8. Nbd2 Bd6 9. h3 Bh5 10. Qb3 Qc7 11. Re1 O-O 12. a4 Rfe8 13. a5 Nxa5 14. Qa4 b6 15. Ne5 Bxe5 16. dxe5 Nd7 17. Qf4 Bg6 18. Bxg6 fxg6 19. Qg3 Rf8 20. b4 Nc6 21. f4 Ne7 22. Nb3 Nf5 23. Qd3 Rfc8 24. Bd2 a5 25. bxa5 bxa5 26. Ra4 Rcb8 27. Ra3 Rxb3 28. Rxb3 Nc5 29. Qb5 Nxb3 30. Qxb3 a4 31. Qa3 Qb6+ 32. Kh2 Qf2 33. Rd1 Nh4 34. Rg1 Nf3+ 35. Kh1 Qxg1# 0-1


[Site "https://www.chess.com"]

[Event "Titled Tuesday Blitz January 10 Early 2023"]
[White "Kaiyrbekov, Rustam"]
[Black "Blokhin, Sofia"]
[WhiteFideId "13702424"]
[BlackFideId "4508190"]
[WhiteElo "2295"]
[BlackElo "2062"]
[Result "0-1"]
[Round "05"]
[TimeControl "180+2"]
[Date "2023.01.10"]
[WhiteClock "0:00:19"]
[BlackClock "0:00:06"]

1. c4 c5 2. Nf3 Nc6 3. d4 cxd4 4. Nxd4 Nf6 5. Nc3 d6 6. g3 e5 7. Nc2 Be6 8. Ne3 Be7 9. Ned5 Bxd5 10. cxd5 Nd4 11. e3 Nf5 12. Bb5+ Nd7 13. Qa4 a6 14. Bxd7+ Qxd7 15. Qxd7+ Kxd7 16. a4 Bd8 17. b4 Bb6 18. O-O h5 19. h4 Rac8 20. Bd2 Rc4 21. Rfb1 Rhc8 22. b5 a5 23. Rc1 Ne7 24. Ne2 Nxd5 25. Rxc4 Rxc4 26. Kg2 Nb4 27. Nc3 d5 28. Rd1 Ke6 29. f4 d4 30. exd4 exd4 31. Re1+ Kd7 32. Ne4 Rc2 33. Kf3 f5 34. Bxb4 fxe4+ 35. Kxe4 axb4 36. Kd3 Rc3+ 37. Kd2 b3 38. Rb1 Rc2+ 39. Kd3 Rc3+ 40. Kd2 Rxg3 41. Ra1 Ba5+ 42. Ke2 Rg2+ 43. Kf3 Rc2 44. Ke4 Bc3 45. Rb1 b2 46. Kd3 Rc1 47. Rxb2 Bxb2 48. a5 Ra1 49. a6 bxa6 50. b6 Kc6 51. f5 Kxb6 52. f6 gxf6 53. Ke4 Re1+ 54. Kd3 Re3+ 55. Kd2 Re4 56. Kd3 Rxh4 57. Kd2 Rf4 58. Kd3 h4 59. Kc4 h3 60. Kb3 h2 61. Ka2 h1=Q 62. Kb3 Qf3+ 63. Ka4 d3+ 64. Kb3 d2+ 65. Ka2 d1=Q 66. Kxb2 Qfb3# 0-1


[Site "https://www.chess.com"]

[Event "Titled Tuesday Blitz January 10 Early 2023"]
[White "Aspire_ie"]
[Black "Necula, Iulian"]
[BlackFideId "1232380"]
[WhiteElo "2307"]
[BlackElo "1851"]
[Result "1-0"]
[Round "05"]
[TimeControl "180+2"]
[Date "2023.01.10"]
[WhiteClock "0:00:06"]
[BlackClock "0:00:02"]

1. e4 c5 2. c4 e5 3. Nc3 Nf6 4. g3 Nc6 5. Bg2 d6 6. Nge2 Be7 7. O-O h6 8. f4 a6 9. f5 Nd4 10. d3 Bd7 11. Nxd4 exd4 12. Nd5 Nxd5 13. exd5 Bf6 14. Bf4 Be5 15. Bxe5 dxe5 16. Be4 f6 17. Qh5+ Kf8 18. a3 Be8 19. Qf3 h5 20. h3 Qd6 21. Rab1 a5 22. b3 b6 23. Rb2 Ke7 24. g4 hxg4 25. Qxg4 Rh7 26. a4 Bf7 27. Rg2 Rah8 28. Rg3 Qd8 29. Kf2 Kd6 30. Rh1 Qe8 31. Qf3 Bh5 32. Qg2 Bf7 33. Rxg7 Rh4 34. Rg4 Qf8 35. Rg7 Rf4+ 36. Ke1 Rhh4 37. Kd2 Bh5 38. Rg3 Qh6 39. Kc2 Bf7 40. Rf3 Rxf3 41. Qxf3 Rf4 42. Qg3 Rh4 43. Rh2 Rf4 44. Rh1 Rh4 45. Rh2 Rf4 46. h4 Bh5 47. Rg2 Rg4 48. Qh3 Rxg2+ 49. Qxg2 Qf4 50. Qg7 Qf2+ 51. Kc1 Qe1+ 52. Kc2 Qd1+ 53. Kb2 Qd2+ 54. Kb1 Qd1+ 55. Kb2 Qe2+ 56. Ka3 Qh2 57. Qxf6+ Kd7 58. Qg7+ Kd6 59. Qf6+ Kd7 60. Qe6+ Kc7 61. d6+ Kb8 62. Qg8+ 1-0


[Site "https://www.chess.com"]

[Event "Titled Tuesday Blitz January 10 Early 2023"]
[White "Palacio,Igor Da Paz"]
[Black "Selkirk, Rebecca"]
[WhiteFideId "2121140"]
[BlackFideId "14306514"]
[WhiteElo "2172"]
[BlackElo "1656"]
[Result "1-0"]
[Round "05"]
[TimeControl "180+2"]
[Date "2023.01.10"]
[WhiteClock "0:00:30"]
[BlackClock "0:00:04"]

1. e4 c5 2. Nf3 e6 3. c3 d5 4. exd5 exd5 5. d4 Nc6 6. Bd3 Nf6 7. O-O c4 8. Re1+ Be7 9. Bc2 O-O 10. h3 b5 11. Nbd2 b4 12. Nf1 a5 13. Bf4 h6 14. Ne3 Be6 15. Ba4 Qb6 16. Bh2 Ne4 17. Nxc4 Qa6 18. Ncd2 bxc3 19. Nxe4 cxb2 20. Rb1 dxe4 21. d5 exf3 22. dxe6 Bf6 23. Qxf3 Nb4 24. exf7+ Rxf7 25. Bb3 Rf8 26. Rxb2 Bxb2 27. Bxf7+ Kh8 28. Re8 Rxe8 29. Bxe8 Qf6 30. Qxf6 Bxf6 31. Bf7 Nd3 32. Kf1 Ne5 33. Be6 Nc6 34. Bd6 Nb4 35. Ke2 1-0


[Site "https://www.chess.com"]

[Event "Titled Tuesday Blitz January 10 Early 2023"]
[White "Thiel, Thomas"]
[Black "Muzzi, Eduardo"]
[WhiteFideId "4615964"]
[BlackFideId "3001253"]
[WhiteElo "2234"]
[BlackElo "1917"]
[Result "1-0"]
[Round "05"]
[TimeControl "180+2"]
[Date "2023.01.10"]
[WhiteClock "0:00:09"]
[BlackClock "0:00:01"]

1. e4 e6 2. d4 d5 3. Nc3 Bb4 4. e5 c5 5. a3 Bxc3+ 6. bxc3 Qc7 7. Qg4 f5 8. Qg3 cxd4 9. cxd4 Ne7 10. Bd3 Qc3+ 11. Kd1 Qxa1 12. Qxg7 Rg8 13. Qxh7 Nbc6 14. Ne2 Nxd4 15. Nf4 Bd7 16. Nh5 Nxc2 17. Nf6+ Kd8 18. Nxg8 Kc7 19. Nxe7 Nxa3 20. Nxd5+ exd5 21. e6 Rd8 22. exd7 Rxd7 23. Qxf5 Qc3 24. Re1 Nc4 25. h4 Qb3+ 26. Bc2 Qc3 27. Qd3 Qf6 28. f4 Rg7 29. g3 Qh6 30. Ke2 Qh5+ 31. Kf2 Qg4 32. Bd1 Qh3 33. Qf3 Nd6 34. Qxd5 Nf5 35. Qc5+ Kd8 36. Qf8+ Kc7 37. Qc5+ Kd8 38. Re3 Qh2+ 39. Ke1 Nxe3 40. Bxe3 Rxg3 41. Bf2 Qh1+ 42. Ke2 Qe4+ 43. Kd2 Rd3+ 44. Kc2 1-0


[Site "https://www.chess.com"]

[Event "Titled Tuesday Blitz January 10 Early 2023"]
[White "Lutz, Igor Oscar"]
[Black "Hernandez Bonilla, Amelia"]
[WhiteFideId "2110806"]
[BlackFideId "3900193"]
[WhiteElo "1969"]
[BlackElo "1960"]
[Result "0-1"]
[Round "05"]
[TimeControl "180+2"]
[Date "2023.01.10"]
[WhiteClock "0:00:07"]
[BlackClock "0:00:20"]

1. d4 Nf6 2. c4 e6 3. g3 d5 4. Nf3 dxc4 5. Qa4+ Nbd7 6. Qxc4 c5 7. Bg2 Be7 8. O-O O-O 9. Rd1 cxd4 10. Nxd4 Nb6 11. Qc2 Bd7 12. Bxb7 Rb8 13. Nc6 Qe8 14. Nxe7+ Qxe7 15. Bg2 Rfc8 16. Qd3 Nbd5 17. Bg5 Bb5 18. Qa3 Qxa3 19. Nxa3 Bxe2 20. Rd2 Ba6 21. Rad1 h6 22. Bxf6 Nxf6 23. Nb1 Bc4 24. Nc3 Rb4 25. a3 Rb6 26. Ne4 Nd5 27. Rc1 Ba6 28. Rxc8+ Bxc8 29. Nc5 a5 30. Bxd5 exd5 31. Rxd5 Bg4 32. Rd8+ Kh7 33. Nd3 Bf5 34. b4 Bxd3 35. Rxd3 axb4 36. axb4 Rxb4 37. Rd7 Kg6 38. Kg2 Rb2 39. Rc7 f6 40. h4 h5 41. Ra7 Rc2 42. Rb7 Kh6 43. Ra7 Rb2 44. Rb7 Rxb7 0-1


[Site "https://www.chess.com"]

[Event "Titled Tuesday Blitz January 10 Early 2023"]
[White "Dubov, Daniil"]
[Black "Anton Guijarro, David"]
[WhiteFideId "24126055"]
[BlackFideId "2285525"]
[WhiteElo "2708"]
[BlackElo "2690"]
[Result "1-0"]
[Round "06"]
[TimeControl "180+2"]
[Date "2023.01.10"]
[WhiteClock "0:00:18"]
[BlackClock "0:00:04"]

1. d4 Nf6 2. Nf3 d5 3. Bg5 Nbd7 4. Nbd2 h6 5. Bh4 e6 6. e3 Be7 7. Bd3 c5 8. c3 O-O 9. O-O b6 10. Ne5 Nxe5 11. dxe5 Nd7 12. Bxe7 Qxe7 13. f4 Bb7 14. Qg4 f5 15. exf6 Rxf6 16. Nf3 Raf8 17. Rae1 a6 18. Nh4 Qd6 19. Ng6 R8f7 20. Qg3 b5 21. a3 c4 22. Bc2 a5 23. h4 b4 24. axb4 axb4 25. h5 bxc3 26. bxc3 Qa3 27. Rb1 Bc6 28. Rfc1 Qa7 29. Ra1 Qc5 30. Ra2 Nf8 31. Ne5 Rc7 32. Ng4 Qe7 33. Rca1 Be8 34. Ra8 Bxh5 35. Nxf6+ Qxf6 36. f5 Re7 37. fxe6 Qxe6 38. Rf1 Rf7 39. Rxf7 Bxf7 40. Qf4 Qe7 41. Ra1 Bg6 42. Bxg6 Nxg6 43. Qd4 Qe6 44. Ra7 Ne5 45. Ra5 Kh7 46. Qxd5 Qxd5 47. Rxd5 Ng4 48. e4 Kg6 49. Rc5 Ne3 50. Kf2 Nd1+ 51. Kf3 Nxc3 52. Rxc4 Nb5 53. Ke3 Kf6 54. Rc5 Na7 55. Kd4 h5 56. Kd5 g5 57. Kd6 h4 58. e5+ Kg6 59. e6 g4 60. e7 1-0


[Site "https://www.chess.com"]

[Event "Titled Tuesday Blitz January 10 Early 2023"]
[White "Duda, Jan-Krzysztof"]
[Black "Chigaev, Maksim"]
[WhiteFideId "1170546"]
[BlackFideId "4108116"]
[WhiteElo "2724"]
[BlackElo "2628"]
[Result "0-1"]
[Round "06"]
[TimeControl "180+2"]
[Date "2023.01.10"]
[WhiteClock "0:00:07"]
[BlackClock "0:00:34"]

1. d4 Nf6 2. c4 g6 3. Nc3 Bg7 4. e4 O-O 5. f3 d6 6. Be3 a6 7. Qd2 Nbd7 8. Nge2 b5 9. cxb5 axb5 10. Nxb5 c6 11. Nbc3 e5 12. Rc1 d5 13. exd5 Nxd5 14. Nxd5 cxd5 15. b3 Re8 16. dxe5 Nxe5 17. Kf2 d4 18. Bxd4 Rxa2 19. Rc2 Ng4+ 20. Ke1 Rxc2 21. Qxc2 Bxd4 22. fxg4 Qa5+ 23. Kd1 Bxg4 24. Qc6 Qa1+ 25. Kd2 Be3+ 26. Kd3 Bf5+ 27. Kc4 Rc8 28. Qxc8+ Bxc8 29. b4 Be6+ 30. Kb5 Qe5+ 31. Ka4 Bc4 32. Nd4 Qxd4 33. Bxc4 Qxc4 34. Re1 Bd2 35. Re8+ Kg7 36. Rb8 h5 37. h3 h4 38. Rb6 Bxb4 39. Rxb4 Qa2+ 40. Kb5 Qxg2 41. Rb3 Qd5+ 42. Kb4 Qxb3+ 43. Kxb3 Kf6 44. Kc3 Kf5 45. Kd4 Kf4 46. Kd5 f5 47. Ke6 g5 48. Kf6 g4 49. hxg4 fxg4 0-1


[Site "https://www.chess.com"]

[Event "Titled Tuesday Blitz January 10 Early 2023"]
[White "Nepomniachtchi, Ian"]
[Black "Fernandez Guillen, Ernesto J."]
[WhiteFideId "4168119"]
[BlackFideId "3512428"]
[WhiteElo "2794"]
[BlackElo "2477"]
[Result "0-1"]
[Round "06"]
[TimeControl "180+2"]
[Date "2023.01.10"]
[WhiteClock "0:00:03"]
[BlackClock "0:00:19"]

1. e4 e5 2. f4 exf4 3. Nf3 g5 4. h4 g4 5. Ne5 d5 6. d4 Nf6 7. Nc3 Bb4 8. exd5 Nxd5 9. Bd2 Bxc3 10. bxc3 O-O 11. Nxg4 Re8+ 12. Kf2 Qd6 13. Bc4 h5 14. Nh6+ Qxh6 15. Bxd5 Nc6 16. Re1 Bg4 17. Bf3 Qf6 18. Kg1 Qxh4 19. Rxe8+ Rxe8 20. Bxf4 Bxf3 21. Qxf3 Re1+ 22. Rxe1 Qxe1+ 23. Qf1 Qxc3 24. Bxc7 Qxd4+ 25. Kh1 Qh4+ 26. Kg1 Qg5 27. Bf4 Qf5 28. Qf3 Nd4 29. Qg3+ Kh7 30. Qg5 Qxf4 31. Qxh5+ Kg7 32. Qd1 Ne6 33. Qd3 Qd4+ 0-1


[Site "https://www.chess.com"]

[Event "Titled Tuesday Blitz January 10 Early 2023"]
[White "Nakamura, Hikaru"]
[Black "Puranik, Abhimanyu"]
[WhiteFideId "2016192"]
[BlackFideId "5061245"]
[WhiteElo "2775"]
[BlackElo "2613"]
[Result "1-0"]
[Round "06"]
[TimeControl "180+2"]
[Date "2023.01.10"]
[WhiteClock "0:00:17"]
[BlackClock "0:00:03"]

1. Nf3 Nf6 2. b3 g6 3. Bb2 Bg7 4. d4 O-O 5. e3 b6 6. Be2 Bb7 7. O-O d5 8. c4 e6 9. a4 Nbd7 10. a5 bxa5 11. c5 Ne4 12. Qc2 Bc6 13. Rxa5 Qb8 14. Nc3 f5 15. Rfa1 Bh6 16. Ra6 Nxc3 17. Bxc3 Qb7 18. Rxc6 Qxc6 19. Ra6 Nb6 20. Ne5 Qb7 21. cxb6 axb6 22. Rxa8 Rxa8 23. g3 Bg7 24. Nd3 Qa7 25. Bb2 c5 26. dxc5 Bxb2 27. Qxb2 bxc5 28. Kg2 Qb6 29. Qe5 Kf7 30. h4 Rc8 31. Qc3 Kg8 32. h5 Qd6 33. Bf3 d4 34. Qc4 dxe3 35. fxe3 gxh5 36. Nf4 Kf7 37. Nxe6 Kf6 38. Nf4 Qd2+ 39. Kh3 Rd8 40. Qe6+ Kg7 41. Nxh5+ 1-0


[Site "https://www.chess.com"]

[Event "Titled Tuesday Blitz January 10 Early 2023"]
[White "Sanal, Vahap"]
[Black "Sadhwani, Raunak"]
[WhiteFideId "6300545"]
[BlackFideId "35093487"]
[WhiteElo "2600"]
[BlackElo "2627"]
[Result "0-1"]
[Round "06"]
[TimeControl "180+2"]
[Date "2023.01.10"]
[WhiteClock "0:00:02"]
[BlackClock "0:00:07"]

1. Nf3 d5 2. g3 Nc6 3. d4 Bf5 4. Bg2 Nb4 5. Na3 e6 6. c3 Nc6 7. Nh4 Bg4 8. h3 Bh5 9. Qb3 Rb8 10. e4 dxe4 11. Bxe4 Be7 12. Qb5 Nf6 13. Bg2 O-O 14. g4 a6 15. Qe2 Bg6 16. Nxg6 hxg6 17. Nc4 Nd5 18. O-O b5 19. Ne5 Nxe5 20. dxe5 g5 21. Rd1 c6 22. Be3 Qc7 23. Bd2 Rfd8 24. Re1 Rd7 25. Rad1 Rbd8 26. Bc1 Nb6 27. Rxd7 Nxd7 28. Bf3 Nf8 29. Be4 Kh8 30. Bc2 Kg8 31. Qe4 Rd5 32. Bb3 Rd8 33. Bc2 Rd5 34. Bb3 Rd7 35. Be3 c5 36. Bc2 Rd5 37. f4 c4 38. Kg2 Bc5 39. Bc1 Ng6 40. Re2 Qd7 41. fxg5 Rxe5 42. Qa8+ Bf8 43. Rd2 Qc7 44. Bxg6 fxg6 45. Rf2 Qd6 46. Bf4 Qd5+ 47. Qxd5 Rxd5 48. Bc7 Rxg5 49. Bf4 Rd5 50. Be3 Be7 51. Kf3 Kf7 52. Ke4+ Ke8 53. Rg2 a5 54. Bd4 Bf6 55. Be3 g5 56. Re2 Kd7 57. Re1 Kc6 58. Ra1 b4 59. Rc1 Kb5 60. b3 bxc3 61. bxc4+ Kxc4 62. Rb1 Rb5 63. Rd1 c2 64. Rd7 Kc3 65. Rc7+ Kb2 66. a4 Rb3 0-1


[Site "https://www.chess.com"]

[Event "Titled Tuesday Blitz January 10 Early 2023"]
[White "Andreikin, Dmitry"]
[Black "Movahed, Sina"]
[WhiteFideId "4158814"]
[BlackFideId "42520835"]
[WhiteElo "2729"]
[BlackElo "2340"]
[Result "1-0"]
[Round "06"]
[TimeControl "180+2"]
[Date "2023.01.10"]
[WhiteClock "0:00:10"]
[BlackClock "0:00:02"]

1. d4 Nf6 2. c4 g6 3. Nc3 Bg7 4. e4 d6 5. h3 O-O 6. Be3 e5 7. d5 a5 8. g4 Na6 9. Nf3 Nc5 10. Nd2 h5 11. Be2 h4 12. Bg5 a4 13. Bxh4 c6 14. f3 Qa5 15. Qc2 Bd7 16. O-O cxd5 17. cxd5 b5 18. Rfc1 Rfc8 19. Bf2 Bh6 20. Qd1 Bf4 21. Rc2 a3 22. b4 Qxb4 23. Rb1 Qa5 24. Nxb5 Na4 25. Nc4 Qxb5 26. Rxb5 Bxb5 27. Nxd6 Nc3 28. Bxb5 Nxd1 29. Rxc8+ Rxc8 30. Nxc8 Nc3 31. Bc4 Nd7 32. Nd6 Nd1 33. Ba7 Be3+ 34. Bxe3 Nxe3 35. Kf2 Nc2 36. Bb3 Nd4 37. Bd1 Nb6 38. Ke3 Kf8 39. Kd3 f5 40. Nc4 Nxc4 41. Kxc4 Ke7 42. Kb4 fxe4 43. fxe4 g5 44. Kxa3 Nb5+ 45. Kb4 Nd6 46. Bc2 Nf7 47. Kc5 Nd6 48. a4 Kd7 49. Kb6 Nc4+ 50. Kc5 Nd6 51. a5 Kc7 52. Bd3 Nb7+ 53. Kb4 Nd6 54. Ka4 Kb7 55. Ka3 Kc7 56. Kb4 Nc8 57. Kc5 Nd6 58. a6 Nc8 59. d6+ Nxd6 60. a7 Nb7+ 61. Kd5 1-0


[Site "https://www.chess.com"]

[Event "Titled Tuesday Blitz January 10 Early 2023"]
[White "Bortnyk, Olexandr"]
[Black "Durarbayli, Vasif"]
[WhiteFideId "14120828"]
[BlackFideId "13402935"]
[WhiteElo "2605"]
[BlackElo "2627"]
[Result "1-0"]
[Round "06"]
[TimeControl "180+2"]
[Date "2023.01.10"]
[WhiteClock "0:00:18"]
[BlackClock "0:00:02"]

1. e4 c5 2. c3 d5 3. exd5 Qxd5 4. d4 Nf6 5. Be3 Ng4 6. Nf3 cxd4 7. cxd4 Nxe3 8. fxe3 e6 9. Nc3 Qd8 10. Bd3 Nc6 11. O-O Be7 12. Qc2 h6 13. a3 O-O 14. Rad1 Bd7 15. d5 exd5 16. Nxd5 Rc8 17. Bh7+ Kh8 18. Qb1 Be6 19. Bf5 Bc5 20. Bxe6 fxe6 21. Nf4 Bxe3+ 22. Kh1 Rxf4 23. Rxd8+ Rxd8 24. Qe1 Bd4 25. b4 e5 26. b5 Ne7 27. g3 Rf6 28. Nh4 Rxf1+ 29. Qxf1 e4 30. Qf4 Bc5 31. Qxe4 b6 32. a4 Rd1+ 33. Kg2 Rd2+ 34. Kh3 Ra2 35. Nf3 Ng8 36. Ne5 Nf6 37. Ng6+ Kh7 38. Nf8+ Kh8 39. Qc4 Rf2 40. Ne6 h5 41. Nxc5 bxc5 42. Qxc5 Ra2 43. Qxa7 g5 44. Qf7 g4+ 45. Kh4 Rxh2+ 46. Kg5 1-0


[Site "https://www.chess.com"]

[Event "Titled Tuesday Blitz January 10 Early 2023"]
[White "Kravtsiv, Martyn"]
[Black "Vidit, Santosh Gujrathi"]
[WhiteFideId "14113147"]
[BlackFideId "5029465"]
[WhiteElo "2598"]
[BlackElo "2731"]
[Result "1-0"]
[Round "06"]
[TimeControl "180+2"]
[Date "2023.01.10"]
[WhiteClock "0:00:09"]
[BlackClock "0:00:05"]

1. e4 c5 2. Nf3 d6 3. Bb5+ Bd7 4. Bxd7+ Nxd7 5. O-O Ngf6 6. Qe2 Rc8 7. b3 e6 8. Bb2 Be7 9. d4 cxd4 10. Nxd4 O-O 11. c4 a6 12. Nc3 Qa5 13. Rad1 Rfe8 14. Qd2 Qh5 15. h3 g5 16. f3 Ne5 17. Nce2 Kh8 18. Ng3 Qh4 19. Nde2 Rg8 20. Rc1 Nfd7 21. b4 Rgd8 22. Rfd1 Kg8 23. Nf1 Nxc4 24. Rxc4 Rxc4 25. Ne3 Rcc8 26. Ng4 Ne5 27. Qd4 f6 28. Ne3 Qh5 29. Qb6 Rd7 30. Nd4 Qf7 31. Qa5 h5 32. Qa4 Rdc7 33. Qb3 Nc4 34. Nf1 b5 35. Bc1 Bf8 36. a4 Rb7 37. axb5 axb5 38. Ne3 Nxe3 39. Qxe3 Rc4 40. Bd2 d5 41. exd5 exd5 42. Qd3 Rb8 43. Re1 Re8 44. Ra1 Qh7 45. Nf5 Re5 46. g4 hxg4 47. hxg4 Qb7 48. Kg2 d4 49. Rh1 Qf7 50. Ng3 Rc8 51. Ne4 Rd8 52. Nxf6+ Kg7 53. Rh7+ Kxf6 54. Rxf7+ Kxf7 55. f4 gxf4 56. Bxf4 Red5 57. g5 Bxb4 58. Qh7+ Ke6 59. g6 d3 60. Qf7# 1-0


[Site "https://www.chess.com"]

[Event "Titled Tuesday Blitz January 10 Early 2023"]
[White "Bacrot, Etienne"]
[Black "Xu, Yi"]
[WhiteFideId "605506"]
[BlackFideId "8605564"]
[WhiteElo "2667"]
[BlackElo "2527"]
[Result "1/2-1/2"]
[Round "06"]
[TimeControl "180+2"]
[Date "2023.01.10"]
[WhiteClock "0:01:15"]
[BlackClock "0:01:31"]

1. e4 e5 2. Nf3 Nf6 3. Nxe5 d6 4. Nf3 Nxe4 5. d4 d5 6. Bd3 Bd6 7. O-O O-O 8. Nbd2 Bf5 9. Re1 Re8 10. Nf1 c6 11. Ng3 Nxg3 12. Rxe8+ Qxe8 13. hxg3 Bxd3 14. Qxd3 Na6 15. Bd2 Nc7 16. Qb3 Rb8 17. Bb4 Qf8 18. Bxd6 Qxd6 19. Re1 f6 20. Nd2 b6 21. c4 Re8 22. Rxe8+ Nxe8 23. cxd5 Qxd5 24. Qxd5+ cxd5 25. g4 1/2-1/2


[Site "https://www.chess.com"]

[Event "Titled Tuesday Blitz January 10 Early 2023"]
[White "Harshavardhan G B"]
[Black "Kamsky, Gata"]
[WhiteFideId "25059009"]
[BlackFideId "2000024"]
[WhiteElo "2408"]
[BlackElo "2665"]
[Result "1-0"]
[Round "06"]
[TimeControl "180+2"]
[Date "2023.01.10"]
[WhiteClock "0:00:07"]
[BlackClock "0:00:01"]

1. d4 g6 2. c4 Bg7 3. Nc3 d6 4. e4 Nf6 5. Nf3 O-O 6. Be2 e5 7. d5 a5 8. Bg5 h6 9. Be3 Ng4 10. Bc1 Na6 11. h3 Nf6 12. Be3 Nc5 13. Nd2 c6 14. O-O Bd7 15. b3 Ne8 16. a3 cxd5 17. cxd5 Rc8 18. b4 axb4 19. axb4 Nd3 20. Bxd3 Rxc3 21. Nc4 Bb5 22. Rc1 Rxc1 23. Qxc1 f5 24. Bxh6 Bxc4 25. Bxc4 fxe4 26. Be3 Nf6 27. Qb1 Qd7 28. Rc1 Kh7 29. Qa2 Nh5 30. Be2 Nf4 31. Bg4 Qf7 32. Rd1 Bh6 33. b5 Nh5 34. Bxh5 gxh5 35. Qe2 Qg6 36. Bxh6 Kxh6 37. Qe3+ Kg7 38. Re1 Rf4 39. Kf1 h4 40. Kg1 Qf7 41. Re2 Qxd5 42. Rd2 Qe6 43. Qb6 Rf7 44. Qxd6 Qxd6 45. Rxd6 Rc7 46. Rd5 Kf6 47. Rd6+ Kf5 48. b6 Rc1+ 49. Kh2 Rc2 50. Rd7 Rb2 51. Rxb7 Kg6 52. Rb8 1-0


[Site "https://www.chess.com"]

[Event "Titled Tuesday Blitz January 10 Early 2023"]
[White "Pakleza, Zbigniew"]
[Black "Sarana, Alexey"]
[WhiteFideId "1119290"]
[BlackFideId "24133795"]
[WhiteElo "2494"]
[BlackElo "2685"]
[Result "0-1"]
[Round "06"]
[TimeControl "180+2"]
[Date "2023.01.10"]
[WhiteClock "0:00:02"]
[BlackClock "0:00:03"]

1. d4 d5 2. Bf4 c5 3. e3 e6 4. c3 Nc6 5. Nd2 Bd6 6. Bg3 Nf6 7. Ngf3 O-O 8. Bd3 Qe7 9. Ne5 Nd7 10. Nxd7 Qxd7 11. Qh5 g6 12. Qh6 e5 13. Nf3 cxd4 14. exd4 Re8 15. dxe5 Bxe5 16. O-O Bg7 17. Qd2 Qd8 18. h3 Be6 19. Rad1 Qd7 20. Bb5 a6 21. Ba4 b5 22. Bb3 Rad8 23. Bh4 f6 24. Rfe1 Bf7 25. Rxe8+ Qxe8 26. Nd4 Na5 27. Bc2 Nc4 28. Qc1 Qd7 29. Bd3 Ne5 30. Bf1 Re8 31. Qc2 Nc4 32. b3 Nd6 33. a4 bxa4 34. bxa4 Nc4 35. Rb1 Na3 36. Qb2 Nxb1 37. Qxb1 Qxa4 38. Qb6 Qd1 39. Qxa6 f5 40. Bg3 Bxd4 41. cxd4 Qxd4 42. Qd6 Re1 43. Qb8+ Kg7 44. Kh2 Qf6 45. Bb5 Re6 46. Bd7 Re7 47. Ba4 g5 48. f4 h6 49. Qb1 Re4 50. Bc2 gxf4 51. Bf2 Rc4 52. Bxf5 Qe5 53. Bg4 Re4 54. Bf3 Rc4 55. Qb7 Qf6 56. Bh5 Rc2 57. Bh4 Qf5 58. Bg4 Qe4 59. Bf6+ Kxf6 60. Qc6+ Kg7 0-1


[Site "https://www.chess.com"]

[Event "Titled Tuesday Blitz January 10 Early 2023"]
[White "Deac, Bogdan-Daniel"]
[Black "Galchenko, Matvey"]
[WhiteFideId "1226380"]
[BlackFideId "24175480"]
[WhiteElo "2700"]
[BlackElo "2438"]
[Result "0-1"]
[Round "06"]
[TimeControl "180+2"]
[Date "2023.01.10"]
[WhiteClock "0:00:02"]
[BlackClock "0:00:14"]

1. c4 c5 2. g3 g6 3. Bg2 Bg7 4. Nc3 Nc6 5. d3 e6 6. Bxc6 bxc6 7. Qd2 d6 8. b3 Ne7 9. Bb2 O-O 10. f4 Nf5 11. Ne4 f6 12. Nf3 e5 13. O-O-O d5 14. Nc3 d4 15. Ne4 Ne3 16. Rdg1 Bg4 17. Nxc5 Qe7 18. Ne4 a5 19. Kb1 a4 20. b4 a3 21. Bc1 Rfb8 22. c5 Nd5 23. Ka1 Rxb4 24. Qc2 f5 25. Nd6 Bxf3 26. exf3 Nc3 0-1


[Site "https://www.chess.com"]

[Event "Titled Tuesday Blitz January 10 Early 2023"]
[White "Mikhailovsky, Vladimir"]
[Black "Salem, A.R. Saleh"]
[WhiteFideId "34105414"]
[BlackFideId "9301348"]
[WhiteElo "2215"]
[BlackElo "2677"]
[Result "0-1"]
[Round "06"]
[TimeControl "180+2"]
[Date "2023.01.10"]
[WhiteClock "0:01:35"]
[BlackClock "0:01:38"]

1. e4 c5 2. c3 Nf6 3. e5 Nd5 4. Nf3 d6 5. Bb5+ Bd7 6. Bc4 Nb6 7. Bxf7+ Kxf7 8. e6+ Kg8 9. exd7 Qxd7 10. O-O e5 11. Re1 c4 12. b3 Nc6 13. bxc4 Nxc4 14. d3 Nb6 15. d4 Re8 16. a4 e4 17. Ng5 d5 18. Qd3 exd3 0-1


[Site "https://www.chess.com"]

[Event "Titled Tuesday Blitz January 10 Early 2023"]
[White "Paravyan, David"]
[Black "Lagarde, Maxime"]
[WhiteFideId "4194985"]
[BlackFideId "662399"]
[WhiteElo "2601"]
[BlackElo "2579"]
[Result "1-0"]
[Round "06"]
[TimeControl "180+2"]
[Date "2023.01.10"]
[WhiteClock "0:00:03"]
[BlackClock "0:00:26"]

1. e4 Nc6 2. Nf3 e5 3. Bb5 a6 4. Ba4 Nf6 5. O-O Be7 6. d3 d6 7. c3 O-O 8. Re1 b5 9. Bc2 a5 10. a4 b4 11. Nbd2 Rb8 12. Bb3 Be6 13. Bc4 Qc8 14. h3 h6 15. Qc2 Rd8 16. Nh2 Bf8 17. Nhf1 d5 18. exd5 Bxd5 19. Ne3 Bxc4 20. Nexc4 Qf5 21. Ne4 Nd5 22. Ng3 Qf6 23. Bd2 Rd7 24. Re4 Rbd8 25. Rae1 Nb6 26. Nxb6 cxb6 27. R1e3 Bc5 28. Rf3 Qe6 29. Rg4 Kf8 30. Nf5 b3 31. Qb1 f6 32. d4 exd4 33. Nxg7 Rxg7 34. Bxh6 d3 35. Bxg7+ Kf7 36. Rxf6+ Qxf6 37. Bxf6 Kxf6 38. Rf4+ Ke6 39. Qd1 Ne5 40. g3 d2 41. Kg2 Rd3 42. Re4 Kd5 43. Rxe5+ Kxe5 44. Qe2+ Re3 45. fxe3 1-0


[Site "https://www.chess.com"]

[Event "Titled Tuesday Blitz January 10 Early 2023"]
[White "Urazayev, Arystanbek"]
[Black "Gholami Orimi, Mahdi"]
[WhiteFideId "13709810"]
[BlackFideId "12558486"]
[WhiteElo "2460"]
[BlackElo "2420"]
[Result "1-0"]
[Round "06"]
[TimeControl "180+2"]
[Date "2023.01.10"]
[WhiteClock "0:00:23"]
[BlackClock "0:00:02"]

1. e4 c5 2. Nf3 d6 3. d4 cxd4 4. Nxd4 Nf6 5. Nc3 Nc6 6. Bg5 e6 7. Qd2 a6 8. Nxc6 bxc6 9. O-O-O Be7 10. Bxf6 gxf6 11. Bc4 Bb7 12. Kb1 Qc7 13. Rhe1 O-O-O 14. Qe2 Qa5 15. Bb3 h5 16. f4 Rh7 17. f5 e5 18. Rd3 h4 19. Red1 Kb8 20. a3 Qc7 21. Bc4 Rg7 22. R1d2 Qb6 23. Qf1 Kc7 24. Bb3 Rg4 25. Bxf7 a5 26. Bc4 Bc8 27. h3 Rf4 28. Rf3 Rxf3 29. gxf3 Bf8 30. Na4 Qa7 31. Rg2 d5 32. exd5 Bxf5 33. dxc6 Qd4 34. Nc3 Kxc6 35. Bb3 Rb8 36. Ba4+ Kb7 37. Qb5+ Qb6 38. Qd5+ Ka6 39. Bb5+ Ka7 40. a4 Qd4 41. Qc6 Qb6 42. Qc4 Qd4 43. Qf7+ Kb6 44. Qxf6+ Kc7 45. Qxf5 Rd8 46. Qe6 Bb4 47. Qc4+ Qxc4 48. Bxc4 Rb8 49. Nb5+ Kc6 50. Rg6+ Kc5 51. b3 Rd8 52. Bd3 Kd5 53. c3 Be7 54. Be4+ Kc5 55. Rc6# 1-0


[Site "https://www.chess.com"]